[Event "ICC tourney 2021 (75 10)"]
[Site "Internet Chess Club"]
[Date "2020.09.27"]
[Round "4"]
[White "kween26"]
[Black "MehPlayer"]
[Result "0-1"]
[ICCResult "White resigns"]
[WhiteElo "1239"]
[BlackElo "1611"]
[Opening "Sicilian: Alapin's variation (2.c3)"]
[ECO "B22"]
[NIC "SI.46"]
[Time "13:03:05"]
[TimeControl "4500+10"]

1. e4 c5 2. c3 d5 3. exd5 Qxd5 4. d4 Nf6 5. Nf3 Nc6 6. Be2 cxd4 7. cxd4 e6
8. Nc3 Bb4 9. O-O Qd8 10. h3 O-O 11. Be3 b6 12. Rc1 Bb7 13. a3 Be7 14. Qd2
Qd7 15. Rfd1 a6 16. b4 b5 17. Qb2 Nd5 18. Ne4 Nxe3 19. fxe3 Rac8 20. Rd3
Nxb4 21. axb4 Bxe4 22. Rdc3 Qb7 23. Bd1 Rxc3 24. Qxc3 Bd6 25. Be2 h6 26. Kf2
Qe7 27. Ke1 Bxb4 28. Kd1 Bxc3 29. Rxc3 Qb4 {White resigns} 0-1

[Event "ICC tourney 2021 (75 10)"]
[Site "Internet Chess Club"]
[Date "2020.09.27"]
[Round "4"]
[White "handsomematch"]
[Black "messyblaster"]
[Result "0-1"]
[ICCResult "White resigns"]
[WhiteElo "1213"]
[BlackElo "1597"]
[Opening "Scandinavian: Pytel-Wade variation"]
[ECO "B01"]
[NIC "SD.02"]
[Time "13:02:55"]
[TimeControl "4500+10"]

1. e4 d5 2. exd5 Qxd5 3. Nc3 Qd6 4. Nf3 Nf6 5. d4 c6 6. Be3 Bg4 7. Be2 e6 8.
Qd2 Qc7 9. O-O Bd6 10. h3 Bh5 11. Rfe1 O-O 12. Bg5 Nbd7 13. Bxf6 Nxf6 14.
Ne5 Bxe2 15. Rxe2 Rad8 16. Rd1 Bxe5 17. Rxe5 Qxe5 18. dxe5 Rxd2 19. Rxd2 Nd5
20. Ne4 f5 21. Nd6 Rb8 22. c4 Nf4 23. Kh2 Ng6 24. Re2 Kf8 25. Kg3 b6 26. f4
Rd8 27. Kf3 Ne7 28. Ke3 Nc8 29. Rd2 Nxd6 30. Rxd6 Rxd6 31. exd6 c5 32. b4
Ke8 33. bxc5 bxc5 34. Kd3 Kd7 35. g4 g6 36. Kc3 Kxd6 37. gxf5 gxf5 38. Kb3
e5 39. fxe5+ Kxe5 40. Ka4 f4 {White resigns} 0-1

[Event "ICC tourney 2021 (75 10)"]
[Site "Internet Chess Club"]
[Date "2020.09.27"]
[Round "4"]
[White "doudou2011"]
[Black "GiganticCell"]
[Result "1-0"]
[ICCResult "Black checkmated"]
[WhiteElo "1392"]
[BlackElo "1263"]
[Opening "Queen's pawn game, Darooha variation "]
[ECO "D02"]
[NIC "QP.08"]
[Time "13:02:31"]
[TimeControl "4500+10"]

1. d4 d5 2. Nf3 Nf6 3. g3 c5 4. Bg2 Nc6 5. O-O Bf5 6. c4 Qb6 7. dxc5 Qxc5 8.
cxd5 Nxd5 9. Re1 Nf6 10. Qb3 Na5 11. Qa4+ Bd7 12. Qf4 Rd8 13. b4 Qb5 14.
bxa5 Qxa5 15. Bd2 Qa6 16. Nc3 e6 17. e4 Bc6 18. Bf1 Qb6 19. Rab1 Qc5 20. Qe3
Qe7 21. Qxa7 g6 22. Bg5 Bg7 23. Rbd1 O-O 24. Rxd8 Rxd8 25. Ne5 Qb4 26. Nxc6
bxc6 27. Qc7 Rf8 28. Qxc6 h6 29. Bxf6 Bxf6 30. e5 Bg7 31. Re4 Qa5 32. Bb5
Rd8 33. Ra4 Rd1+ 34. Nxd1 Qe1+ 35. Kg2 Qxd1 36. Ra8+ Kh7 37. Qe8 h5 38. Rd8
Qc2 39. a4 Qe4+ 40. Kg1 Qe1+ 41. Bf1 Qxe5 42. Qxf7 Kh6 43. Qf4+ Qxf4 44.
gxf4 g5 45. fxg5+ Kxg5 46. Rg8 Kf6 47. Rxg7 Kxg7 48. a5 Kf7 49. a6 Ke7 50.
a7 h4 51. a8=Q h3 52. Qb7+ Kf6 53. Bxh3 Kg5 54. Qf7 Kh4 55. Qg6 Kxh3 56.
Qg3# {Black checkmated} 1-0

[Event "ICC tourney 2021 (75 10)"]
[Site "Internet Chess Club"]
[Date "2020.09.27"]
[Round "4"]
[White "wulovechess"]
[Black "Electryon"]
[Result "1-0"]
[ICCResult "Black resigns"]
[WhiteElo "1409"]
[BlackElo "1362"]
[Opening "Scandinavian (center counter) defense"]
[ECO "B01"]
[NIC "SD.02"]
[Time "13:02:09"]
[TimeControl "4500+10"]

1. e4 d5 2. exd5 Qxd5 3. Nc3 Qd8 4. d4 c6 5. Nf3 Bf5 6. Bc4 e6 7. O-O Nf6 8.
Bg5 Be7 9. Nh4 Bg6 10. Nxg6 hxg6 11. h3 Nbd7 12. Bb3 Qa5 13. Qd2 O-O-O 14.
Nd5 Qb5 15. Nxe7+ Kb8 16. c4 Qb6 17. c5 Qa6 18. Bf4+ Ka8 19. Rac1 Ne4 20.
Qc2 Nef6 21. Bc7 b6 22. Bxd8 {Black resigns} 1-0

[Event "ICC tourney 2021 (75 10)"]
[Site "Internet Chess Club"]
[Date "2020.09.27"]
[Round "4"]
[White "keshavarzip"]
[Black "iszerencsy"]
[Result "1/2-1/2"]
[ICCResult "Game drawn by mutual agreement"]
[WhiteElo "1472"]
[BlackElo "1347"]
[Opening "Sicilian defense"]
[ECO "B33"]
[NIC "SI.34"]
[Time "13:02:17"]
[TimeControl "4500+10"]

1. e4 c5 2. Nf3 Nc6 3. d4 cxd4 4. Nxd4 Nf6 5. Nc3 e6 6. Ndb5 a6 7. Nd6+ Bxd6
8. Qxd6 Qe7 9. Qxe7+ Nxe7 10. Bg5 O-O 11. e5 Nfd5 12. Ne4 Ng6 13. a3 h6 14.
Bd2 Nxe5 15. Be2 f5 16. Nd6 Nf7 17. Nxc8 Rfxc8 18. c3 Ne5 19. O-O
{Game drawn by mutual agreement}
1/2-1/2

[Event "ICC tourney 2021 (75 10)"]
[Site "Internet Chess Club"]
[Date "2020.09.27"]
[Round "4"]
[White "chess278"]
[Black "Liopleuradon15"]
[Result "0-1"]
[ICCResult "White resigns"]
[WhiteElo "1507"]
[BlackElo "1539"]
[Opening "Réti opening"]
[ECO "A05"]
[NIC "QP.11"]
[Time "13:02:16"]
[TimeControl "4500+10"]

1. Nf3 Nf6 2. b3 g6 3. Bb2 Bg7 4. e4 O-O 5. d3 d5 6. Nbd2 Nc6 7. Be2 dxe4 8.
dxe4 Re8 9. O-O Nxe4 10. Bxg7 Nxd2 11. Nxd2 Kxg7 12. c4 Bf5 13. Bf3 e5 14.
Bxc6 bxc6 15. Re1 e4 16. Re3 Qd4 17. Rc1 Rad8 18. Rc2 h5 19. h3 Bc8 20. Qe1
f5 21. Kh2 Bb7 22. f4 c5 23. h4 Bc6 24. g3 Rd7 25. Nf3 exf3 26. Rxe8 Be4 27.
Rf2 Kf7 28. Re5 a5 29. Kg1 a4 30. bxa4 Qxc4 31. Rd2 Rd6 32. Qd1 Qc3 33. Rd4
{White resigns}
0-1

[Event "ICC tourney 2021 (75 10)"]
[Site "Internet Chess Club"]
[Date "2020.09.27"]
[Round "4"]
[White "TyTy2000"]
[Black "aakashjr"]
[Result "1/2-1/2"]
[ICCResult "Game drawn by mutual agreement"]
[WhiteElo "1379"]
[BlackElo "1496"]
[Opening "QGD: exchange, positional line"]
[ECO "D35"]
[NIC "QO.16"]
[Time "13:02:11"]
[TimeControl "4500+10"]

1. d4 d5 2. c4 e6 3. Nc3 Nf6 4. cxd5 exd5 5. Bg5 Be6 6. e3 c5 7. Nf3 Nc6 8.
Bb5 Be7 9. Ne5 Rc8 10. Qa4 Qb6 11. dxc5 Bxc5 12. Qf4 Ne4 13. Nxe4 dxe4 14.
Bxc6+ bxc6 15. O-O O-O 16. Qxe4 Qxb2 17. Nd3 Qa3 18. Rac1 Bb6 19. Nf4 Qxa2
20. Rxc6 Bf5 21. Qd5 Qxd5 22. Nxd5 Rxc6 23. Ne7+ Kh8 24. Nxc6 h6 25. Be7 Re8
26. Bb4 Be4 27. Nd4 Bxd4 28. exd4 Bd3 29. Ra1 Rb8 30. Bc5 a5 31. f3 Rb1+ 32.
Rxb1 Bxb1 33. d5 Ba2 34. d6 Be6 35. Kf2 Kh7 36. Ke3 Kg6 37. Ke4 Kf6 38. f4
a4 39. h3 h5 40. Bb4 g5 41. Bc3+ {Game drawn by mutual agreement} 1/2-1/2

[Event "ICC tourney 2021 (75 10)"]
[Site "Internet Chess Club"]
[Date "2020.09.27"]
[Round "4"]
[White "FlowingMelody"]
[Black "erickh32"]
[Result "1/2-1/2"]
[ICCResult "Game drawn by repetition"]
[WhiteElo "1268"]
[BlackElo "1448"]
[Opening "Sicilian: Scheveningen (Paulsen), classical variation"]
[ECO "B85"]
[NIC "SI.23"]
[Time "13:02:15"]
[TimeControl "4500+10"]

1. e4 c5 2. Nf3 d6 3. d4 cxd4 4. Nxd4 Nf6 5. Nc3 a6 6. Be2 e6 7. O-O Be7 8.
Be3 O-O 9. f4 Qc7 10. a4 b6 11. Bf3 Bb7 12. Kh1 Nbd7 13. g4 Nc5 14. e5 Bxf3+
15. Qxf3 dxe5 16. fxe5 Qxe5 17. Nc6 Qc7 18. g5 Ne8 19. Nxe7+ Qxe7 20. Qxa8
Nd6 21. Qf3 Nc4 22. b3 Ne5 23. Qg3 Nc6 24. Rad1 Nb4 25. Bf4 Rc8 26. Bd6 Qe8
27. Bxc5 Rxc5 28. Rf2 g6 29. Ne4 Qc6 30. Rd8+ Kg7 31. Qf3 Rf5 32. Qe2 Rxf2
33. Qxf2 Qxe4+ 34. Kg1 Qg4+ 35. Kf1 Qh3+ 36. Kg1 Qg4+ 37. Qg3 Qe4 38. Qc3+
e5 39. Qh3 Qe1+ 40. Kg2 Qe2+ 41. Kg1 Qe1+ 42. Kg2 Qe2+ 43. Kg1 Qe1+ 44. Kg2
{Game drawn by repetition}
1/2-1/2

[Event "ICC tourney 2021 (75 10)"]
[Site "Internet Chess Club"]
[Date "2020.09.27"]
[Round "4"]
[White "Cougar2020"]
[Black "VirginiaGuy"]
[Result "0-1"]
[ICCResult "White checkmated"]
[WhiteElo "1191"]
[BlackElo "1518"]
[Opening "French: advance, Milner-Barry gambit"]
[ECO "C02"]
[NIC "FR.03"]
[Time "13:02:11"]
[TimeControl "4500+10"]

1. e4 e6 2. d4 d5 3. e5 c5 4. c3 Qb6 5. Nf3 Nc6 6. Bd3 Bd7 7. Bc2 cxd4 8.
cxd4 Bb4+ 9. Nc3 O-O-O 10. Qd3 Nh6 11. a3 Be7 12. Qd2 Na5 13. b4 Nc4 14. Qd3
Kb8 15. O-O Nf5 16. Bb3 Rc8 17. Bf4 Ka8 18. h3 h6 19. Rfc1 g5 20. Bh2 h5 21.
Ne2 g4 22. hxg4 hxg4 23. Ne1 Bb5 24. a4 Nb2 25. Qd2 Bxe2 26. Qxe2 Qxd4 27.
Nc2 Qd3 28. Qxd3 Nxd3 29. Rcb1 Nxb4 30. Nxb4 Bxb4 31. Bxd5 exd5 32. Rxb4 d4
33. Rb5 Rc2 34. e6 fxe6 35. Re5 Rhc8 36. Bf4 R8c6 37. Rae1 d3 38. Rxe6 Rxe6
39. Rxe6 Rc8 40. Rf6 Nd4 41. Be3 Nc2 42. Rd6 Nxe3 43. fxe3 g3 44. Rf6 d2 45.
Rf1 Rc1 46. e4 Rxf1+ 47. Kxf1 d1=Q# {White checkmated} 0-1

[Event "ICC tourney 2021 (75 10)"]
[Site "Internet Chess Club"]
[Date "2020.09.27"]
[Round "4"]
[White "shrey16ultimate"]
[Black "ChessG2011"]
[Result "1-0"]
[ICCResult "Black resigns"]
[WhiteElo "1619"]
[BlackElo "1023"]
[Opening "Queen's pawn: London system"]
[ECO "A45"]
[NIC "QP.07"]
[Time "13:02:13"]
[TimeControl "4500+10"]

1. d4 Nf6 2. Bf4 g6 3. e3 Bg7 4. h3 O-O 5. Nf3 d5 6. c4 Nh5 7. Bh2 c5 8.
cxd5 Qxd5 9. Nc3 Qc6 10. Bb5 Qb6 11. Nd5 Qxb5 12. Nc7 Qa5+ 13. Qd2 Qxd2+ 14.
Kxd2 cxd4 15. exd4 Na6 16. Nxa8 Bf5 17. Nc7 Nxc7 18. Bxc7 Nf6 19. Bf4 Ne4+
20. Ke2 Rc8 21. Rac1 Rd8 22. Be3 Nd6 23. Rhd1 Nb5 24. a4 Nd6 25. Rc7 Bd7 26.
b3 e6 27. Bf4 Bc6 28. g4 Ne8 29. Ne5 Bxe5 30. Bxe5 Nxc7 31. Bxc7 Rd7 32. Bf4
Bd5 33. b4 Bb3 34. Rc1 f6 35. Ke3 Bxa4 36. Ra1 b5 37. Rc1 Kg7 38. Rc6 Bb3
39. Ra6 Bd5 40. h4 Rb7 41. Bd6 Kf7 42. Bc5 Ke8 43. Bxa7 Rc7 44. Bc5 Kf7 45.
Kf4 Bc4 46. Ra3 Rd7 47. g5 f5 48. Kg3 Kg7 49. f4 Kf7 50. Ra6 Rb7 51. Bd6 Rd7
52. Be5 Bd5 53. Rb6 Bc4 54. Rb8 Ra7 55. Rh8 Ra3+ 56. Kg2 Ra2+ 57. Kf3 Ra3+
58. Kf2 Ra2+ 59. Ke3 Ra3+ 60. Kd2 Ra2+ 61. Kc3 Ra3+ 62. Kb2 Ra2+ 63. Kb1 Ra4
64. Rxh7+ Kf8 65. Bd6+ Kg8 66. Rh6 Bd3+ 67. Kb2 Kf7 68. h5 gxh5 69. Rxh5 Bc4
70. Rh3 Ra2+ 71. Kb1 Rd2 72. Be5 Rg2 73. Rh6 Rg3 74. Rf6+ Kg8 75. g6 Rg1+
76. Kc2 Rg2+ 77. Kd1 Be2+ 78. Ke1 Bh5 79. Rxe6 Rxg6 80. Rxg6+ Bxg6 81. d5
Kf7 82. d6 Ke8 83. Kd2 Kd7 84. Kd3 Bf7 85. Kd4 Bc4 86. Kc5 Bd3 87. Kd4 Bc4
88. Ke3 Be6 89. Kf3 Bd5+ 90. Kg3 Bc4 91. Kh4 Bb3 92. Kg5 Be6 93. Kf6 Bc4 94.
Kxf5 Bd3+ 95. Kf6 Bh7 96. Kg5 Ke6 97. Kg4 Bf5+ 98. Kf3 Kd5 99. Kg3 Kc4 100.
Kh4 Kxb4 101. Kg5 Bd7 102. f5 Kc4 103. f6 b4 104. f7 b3 105. f8=Q Kd3 106.
Qf5+ Bxf5 107. Kxf5 Kc2 108. d7 b2 109. Bxb2 Kxb2 110. d8=Q {Black resigns}
1-0

[Event "ICC tourney 2021 (75 10)"]
[Site "Internet Chess Club"]
[Date "2020.09.27"]
[Round "4"]
[White "cayo89"]
[Black "kgeisenman32"]
[Result "0-1"]
[ICCResult "White resigns"]
[WhiteElo "1488"]
[BlackElo "1400"]
[Opening "Queen's pawn, Mason variation"]
[ECO "D00"]
[NIC "QP.08"]
[Time "13:03:05"]
[TimeControl "4500+10"]

1. d4 d5 2. Bf4 Nf6 3. e3 Bf5 4. c4 c6 5. Nc3 e6 6. Qb3 b6 7. Nf3 Bd6 8. Ne5
O-O 9. h3 Be4 10. f3 dxc4 11. Bxc4 Bd5 12. Nxd5 Nxd5 13. Bxd5 cxd5 14. O-O
f6 15. Nd3 Nc6 16. Rac1 Na5 17. Qd1 Nc4 18. Qe2 Qe7 19. b3 e5 20. Bh2 Na5
21. Qd2 exd4 22. exd4 Bxh2+ 23. Kxh2 Qd6+ 24. Qf4 Rad8 25. Rc7 Rf7 26. Rfc1
Qxf4+ 27. Nxf4 Rdd7 28. Rc8+ Rf8 29. R1c7 Rxc7 30. Rxf8+ Kxf8 31. Ne6+ Kf7
32. Nxc7 Nc6 33. Nxd5 Nxd4 34. Kg3 Ke6 35. Nc3 Kd6 36. Kf2 Kc5 37. Ke3 Nc2+
38. Kd2 Nd4 39. Ne4+ Kb4 40. Kd3 Nb5 41. a4 Nc7 42. Kc2 b5 43. axb5 Nxb5 44.
f4 Nd4+ 45. Kb2 Nxb3 46. Nd6 Nc5 47. Ne8 Nd3+ 48. Ka2 Nxf4 49. Nxg7 Nxg2 50.
Nh5 f5 51. Nf6 f4 52. Nd5+ Kc5 53. Nc3 f3 54. Ne4+ Kd4 55. Nf2 Ke3 56. Ng4+
Ke2 57. Ka3 f2 58. Nxf2 Kxf2 59. Ka4 Kg3 60. Ka5 Kxh3 61. Ka6 h5 62. Kxa7
Kg3 63. Kb6 h4 64. Kc5 h3 {White resigns} 0-1

[Event "ICC tourney 2021 (75 10)"]
[Site "Internet Chess Club"]
[Date "2020.09.27"]
[Round "5"]
[White "Liopleuradon15"]
[Black "AdityaBang"]
[Result "0-1"]
[ICCResult "White resigns"]
[WhiteElo "1500"]
[BlackElo "1389"]
[Opening "Queen's pawn game, Chigorin variation"]
[ECO "A04"]
[NIC "QP.11"]
[Time "16:31:23"]
[TimeControl "4500+10"]

1. Nf3 Nc6 2. d4 d5 3. c4 e6 4. Nc3 Nf6 5. Bg5 Be7 6. e4 Nxe4 7. Nxe4 dxe4
8. Bxe7 Qxe7 9. Nd2 f5 10. d5 exd5 11. cxd5 Ne5 12. Bb5+ c6 13. dxc6 bxc6
14. Bc4 Be6 15. Be2 Rd8 16. Qa4 Qg5 17. O-O-O O-O 18. h4 Qf6 19. Nc4 Rb8 20.
Rd2 Nd7 21. h5 Nc5 22. Qa3 Nd3+ 23. Bxd3 exd3 24. Na5 Rfd8 25. Kb1 Rb6 26.
Nb3 Bd5 27. f3 Qg5 28. Kc1 Rdb8 29. h6 Bxb3 30. hxg7 Bc2 31. b3 Qxg7 32.
Rxc2 dxc2 33. Kxc2 Qxg2+ 34. Kc3 Qxf3+ 35. Kb2 Qxh1 36. b4 Rxb4+ 37. Kc2
Qb1+ 38. Kd2 Rb2+ 39. Ke3 Qe1+ 40. Kd4 Qe4+ 41. Kc5 R2b5+ 42. Kd6 Qd5+ 43.
Ke7 R8b7+ 44. Kf6 Rf7+ 45. Kg5 Qd2+ 46. Kh4 Rb4+ 47. Kh5 Qh2+ 48. Qh3 Qxh3+
{White resigns}
0-1

[Event "ICC tourney 2021 (75 10)"]
[Site "Internet Chess Club"]
[Date "2020.09.27"]
[Round "5"]
[White "aakashjr"]
[Black "mathewjiang"]
[Result "1-0"]
[ICCResult "Black resigns"]
[WhiteElo "1553"]
[BlackElo "1668"]
[Opening "Scandinavian (center counter) defense"]
[ECO "B01"]
[NIC "SD.01"]
[Time "16:32:16"]
[TimeControl "4500+10"]

1. e4 d5 2. exd5 Qxd5 3. Nc3 Qa5 4. Bc4 Nf6 5. Nf3 Bf5 6. O-O c6 7. d4 e6 8.
Bd2 Qc7 9. Re1 Be7 10. Ne5 Nbd7 11. Bf4 Bd6 12. Qe2 O-O 13. Rad1 Nb6 14. Bd3
Bxd3 15. Rxd3 Nbd5 16. Nxd5 cxd5 17. Bg3 Ne4 18. f3 Nxg3 19. hxg3 Rac8 20.
c3 Qb6 21. Nd7 Qc7 22. Nxf8 Kxf8 23. f4 Qc4 24. Re3 Qxa2 25. f5 e5 26. Rxe5
Bxe5 27. Qxe5 Qa4 28. f6 g6 29. Qg5 {Black resigns} 1-0

[Event "ICC tourney 2021 (75 10)"]
[Site "Internet Chess Club"]
[Date "2020.09.27"]
[Round "5"]
[White "cayo89"]
[Black "handsomematch"]
[Result "1-0"]
[ICCResult "Black resigns"]
[WhiteElo "1506"]
[BlackElo "1210"]
[Opening "Queen's pawn: London system"]
[ECO "A45"]
[NIC "QP.07"]
[Time "16:31:49"]
[TimeControl "4500+10"]

1. d4 Nf6 2. Bf4 g6 3. Nc3 d5 4. h4 Bg7 5. e3 O-O 6. Be2 c5 7. h5 cxd4 8.
exd4 Bf5 9. g4 Be4 10. f3 Nxg4 11. fxe4 Nf6 12. e5 Ne4 13. Nxe4 dxe4 14. Qd2
Nc6 15. O-O-O Rc8 16. Kb1 Qb6 17. hxg6 fxg6 18. Bh6 Nb4 19. c3 Nd5 20. Bxg7
Kxg7 21. Qh6+ Kf7 22. Rf1+ Ke6 23. Bg4+ Rf5 24. Bxf5+ Kf7 25. Qxh7+ Kf8 26.
Be6+ {Black resigns} 1-0

[Event "ICC tourney 2021 (75 10)"]
[Site "Internet Chess Club"]
[Date "2020.09.27"]
[Round "5"]
[White "iszerencsy"]
[Black "Ethan-Wood"]
[Result "1-0"]
[ICCResult "Black checkmated"]
[WhiteElo "1371"]
[BlackElo "1360"]
[Opening "Nimzo-Indian: Kmoch variation"]
[ECO "E20"]
[NIC "NI.30"]
[Time "16:31:25"]
[TimeControl "4500+10"]

1. d4 Nf6 2. c4 e6 3. Nc3 Bb4 4. f3 Bxc3+ 5. bxc3 b6 6. Ba3 Bb7 7. e4 d6 8.
Bd3 Nbd7 9. Ne2 O-O 10. e5 dxe5 11. Bxf8 Qxf8 12. Qc1 e4 13. fxe4 Nxe4 14.
Ng3 Ndf6 15. Nxe4 Nxe4 16. Bxe4 Bxe4 17. Qf4 f5 18. a3 c5 19. Rg1 Qf6 20.
Rd1 Rd8 21. Qe3 Qh4+ 22. Qg3 Qxg3+ 23. hxg3 cxd4 24. Rxd4 Rc8 25. Kd2 Rc7
26. g4 e5 27. Rd8+ Kf7 28. gxf5 Bxf5 29. Rf1 Kg6 30. Rd5 Re7 31. Re1 e4 32.
Ke3 Rc7 33. Kd4 h6 34. Rf1 Bc8 35. c5 bxc5+ 36. Rxc5 Rxc5 37. Kxc5 Bb7 38.
Kd4 Kg5 39. Rf7 Bc6 40. Rxg7+ Kf5 41. Rxa7 Kf4 42. Ra6 Bb5 43. Re6 Kg3 44.
Rxe4 Kxg2 45. Rh4 Kf2 46. Rxh6 Ke2 47. c4 Bd7 48. c5 Kf3 49. c6 Bf5 50. Rf6
Kg4 51. Rxf5 Kxf5 52. c7 Kg6 53. c8=Q Kg7 54. a4 Kf6 55. a5 Kg5 56. a6 Kf4
57. a7 Kf3 58. a8=Q+ Ke2 59. Qa2+ Kf3 60. Qf5+ Kg3 61. Qaf2# {Black
checkmated} 1-0

[Event "ICC tourney 2021 (75 10)"]
[Site "Internet Chess Club"]
[Date "2020.09.27"]
[Round "5"]
[White "MehPlayer"]
[Black "FlowingMelody"]
[Result "0-1"]
[ICCResult "White resigns"]
[WhiteElo "1579"]
[BlackElo "1294"]
[Opening "Vienna game"]
[ECO "C28"]
[NIC "VG.02"]
[Time "16:31:23"]
[TimeControl "4500+10"]

1. e4 e5 2. Bc4 Nf6 3. Nc3 Nc6 4. d3 Bc5 5. f4 d6 6. h3 Nh5 7. Nf3 Nxf4 8.
Bxf4 exf4 9. Nd5 Ne5 10. Nxf4 Nxc4 11. dxc4 Qe7 12. Qe2 c6 13. O-O-O Qf6 14.
Nd3 Bb6 15. Rhf1 Qe7 16. Kb1 O-O 17. Rde1 a5 18. e5 dxe5 19. Ndxe5 a4 20.
Qd3 Rd8 21. Qc3 Ba5 22. Qe3 Bxe1 23. Rxe1 Qd6 24. a3 Re8 25. Qf4 f6 26. c5
Qxc5 {White resigns} 0-1

[Event "ICC tourney 2021 (75 10)"]
[Site "Internet Chess Club"]
[Date "2020.09.27"]
[Round "5"]
[White "GiganticCell"]
[Black "keshavarzip"]
[Result "1/2-1/2"]
[ICCResult "Game drawn because neither player has mating material"]
[WhiteElo "1297"]
[BlackElo "1468"]
[Opening "Sicilian: Nimzovich-Rossolimo attack (without ...d6)"]
[ECO "B30"]
[NIC "SI.31"]
[Time "16:31:31"]
[TimeControl "4500+10"]

1. e4 c5 2. Nf3 Nc6 3. Bb5 a6 4. Bxc6 bxc6 5. O-O d6 6. Nc3 e5 7. d3 Nf6 8.
Bg5 Be7 9. h3 O-O 10. Ne2 h6 11. Bh4 Nh5 12. Bxe7 Qxe7 13. c3 Qf6 14. Qd2
Bxh3 15. gxh3 Qxf3 16. Kh2 f5 17. Rg1 Qxf2+ 18. Rg2 Qh4 19. Qxh6 Ra7 20.
Rag1 Qe7 21. Qxh5 fxe4 22. dxe4 Qe8 23. Qxe8 Rxe8 24. Rg6 Rd7 25. Ng3 Rf8
26. Nf5 d5 27. Rxg7+ Rxg7 28. Rxg7+ Kh8 29. Re7 dxe4 30. Rxe5 e3 31. Nxe3
Rf2+ 32. Kg3 Rxb2 33. Rxc5 Rxa2 34. Rxc6 Re2 35. Kf3 Ra2 36. Nc4 Rh2 37. Kg3
Rc2 38. Na5 Kg7 39. h4 Ra2 40. Rxa6 Ra3 41. Kg4 Rxc3 42. h5 Ra3 43. Rg6+ Kh7
44. Nc6 Rd3 45. Ne5 Rd1 46. h6 Rg1+ 47. Kf5 Rxg6 48. Nxg6 Kxh6
{Game drawn because neither player has mating material}
1/2-1/2

[Event "ICC tourney 2021 (75 10)"]
[Site "Internet Chess Club"]
[Date "2020.09.27"]
[Round "5"]
[White "ChessG2011"]
[Black "VirginiaGuy"]
[Result "1/2-1/2"]
[ICCResult "Game drawn by mutual agreement"]
[WhiteElo "1038"]
[BlackElo "1500"]
[Opening "French: Tarrasch"]
[ECO "C03"]
[NIC "FR.07"]
[Time "16:31:24"]
[TimeControl "4500+10"]

1. e4 e6 2. d4 d5 3. Nd2 dxe4 4. Nxe4 Nf6 5. Bg5 Be7 6. Nxf6+ Bxf6 7. Bxf6
Qxf6 8. Nf3 O-O 9. Bc4 c6 10. a3 Nd7 11. O-O Nb6 12. Bb3 Nd5 13. Qe2 Nf4 14.
Qe5 Nd5 15. Qxf6 Nxf6 16. Ne5 Rd8 17. c3 Ne4 18. Bc2 Nf6 19. Rfe1 Bd7 20.
Rab1 Nd5 21. Bb3 Be8 22. Nd3 b6 23. Nb4 Nxb4 24. axb4 a5 25. bxa5 Rxa5 26.
Ra1 Rda8 27. Rxa5 Rxa5 28. f3 Kf8 29. c4 Bd7 30. Kf2 Bc8 31. Rc1 Ba6 32. Ke3
Ke7 33. Ke4 Kd6 34. g4 Bb7 35. Ke3 e5 36. Rd1 exd4+ 37. Rxd4+ Ke7 38. Re4+
Kf8 39. Rd4 Ke7 {Game drawn by mutual agreement} 1/2-1/2

[Event "ICC tourney 2021 (75 10)"]
[Site "Internet Chess Club"]
[Date "2020.09.27"]
[Round "5"]
[White "messyblaster"]
[Black "wulovechess"]
[Result "0-1"]
[ICCResult "White resigns"]
[WhiteElo "1558"]
[BlackElo "1412"]
[Opening "QGD: Orthodox defense, Botvinnik variation"]
[ECO "D60"]
[NIC "QO.12"]
[Time "16:31:23"]
[TimeControl "4500+10"]

1. d4 d5 2. c4 e6 3. Nc3 Nf6 4. Bg5 Be7 5. Nf3 O-O 6. e3 Nbd7 7. Bd3 b6 8.
cxd5 exd5 9. O-O Bb7 10. Rc1 h6 11. Bh4 c5 12. Bb1 Rc8 13. Re1 Ne4 14. Bxe7
Qxe7 15. Nd2 Ndf6 16. Ndxe4 dxe4 17. dxc5 Rxc5 18. Qa4 Bc6 19. Qa3 Rd8 20.
Rcd1 Rd7 21. Rd4 Qe5 22. Red1 Ng4 23. g3 Qf6 24. R1d2 Rxd4 25. exd4 e3 26.
fxe3 Bb5 {White resigns} 0-1

[Event "ICC tourney 2021 (75 10)"]
[Site "Internet Chess Club"]
[Date "2020.09.27"]
[Round "5"]
[White "erickh32"]
[Black "Cougar2020"]
[Result "1-0"]
[ICCResult "Black checkmated"]
[WhiteElo "1500"]
[BlackElo "1194"]
[Opening "French: advance, Euwe variation"]
[ECO "C02"]
[NIC "FR.03"]
[Time "16:31:29"]
[TimeControl "4500+10"]

1. e4 e6 2. d4 d5 3. e5 c5 4. Nf3 Nc6 5. c3 Bd7 6. Bd3 Qb6 7. dxc5 Bxc5 8.
O-O f6 9. b4 Be7 10. Be3 Qc7 11. Nd4 fxe5 12. Nb5 Qc8 13. Qh5+ Kd8 14. a4
Nf6 15. Qf7 Rg8 16. Nxa7 Nxa7 17. Bb6+ Qc7 18. Bxc7+ Kxc7 19. Qxe7 b6 20. a5
Nc6 21. axb6+ Kb7 22. Qc5 Rxa1 23. b5 Rc8 24. bxc6+ Rxc6 25. Qe7 Rxb6 26.
Qxg7 e4 27. Bc2 e5 28. Nd2 Rba6 29. Nb3 Rxf1+ 30. Kxf1 Ra2 31. Nc5+ Kc8 32.
Nxd7 Nxd7 33. Bb3 Ra5 34. Qg8+ Kc7 35. Qxh7 Rb5 36. Ba4 Rb1+ 37. Ke2 Rb2+
38. Kd1 Rb7 39. Qxd7+ Kb6 40. Qxd5 e3 41. fxe3 e4 42. Qxe4 Ka6 43. Qxb7+
Kxb7 44. h4 Ka6 45. g4 Ka5 46. h5 Kxa4 47. h6 Kb3 48. h7 Kb2 49. h8=Q Kb1
50. Qb8+ Ka2 51. c4 Ka3 52. c5 Ka4 53. c6 Ka3 54. c7 Ka4 55. c8=N Ka3 56. e4
Ka4 57. e5 Ka3 58. e6 Ka4 59. e7 Ka3 60. e8=N Ka4 61. g5 Ka3 62. Kc2 Ka4 63.
Kc3 Ka5 64. Qb7 Ka4 65. Qb4# {Black checkmated} 1-0

[Event "ICC tourney 2021 (75 10)"]
[Site "Internet Chess Club"]
[Date "2020.09.27"]
[Round "5"]
[White "siddharthr"]
[Black "TyTy2000"]
[Result "0-1"]
[ICCResult "White resigns"]
[WhiteElo "1551"]
[BlackElo "1389"]
[Opening "Queen's pawn: Franco-Indian (Keres) defense"]
[ECO "A40"]
[NIC "QO.17"]
[Time "16:31:25"]
[TimeControl "4500+10"]

1. d4 e6 2. c4 Bb4+ 3. Bd2 Qe7 4. a3 Bxd2+ 5. Nxd2 d5 6. e3 Nf6 7. Ngf3 b6
8. Be2 dxc4 9. Bxc4 Bb7 10. O-O Nbd7 11. Bd3 O-O 12. Rc1 c5 13. dxc5 Nxc5
14. Bb1 Rfd8 15. Qe2 Ba6 16. Nc4 Rac8 17. b4 Nce4 18. Bd3 Qc7 19. a4 Rxd3
20. Qxd3 Bxc4 21. Qc2 Qb8 22. Rfd1 Nd6 23. Qd2 Bd5 24. b5 Nfe4 25. Qd4 Nf5
26. Qe5 f6 27. Qxb8 Rxb8 28. Rc7 Nfd6 29. Nd4 Rc8 30. Rdc1 Rxc7 31. Rxc7 Nc5
32. Rxa7 Bb7 33. a5 Nc8 34. Rxb7 Nxb7 35. a6 Nd8 36. Kf1 Na7 37. f4 e5 38.
fxe5 fxe5 39. Nf3 Nf7 40. Nd2 Nd6 41. Nf3 e4 42. Ne5 Ndxb5 43. Nc4 Nc8 44.
Kf2 Nc7 45. a7 b5 46. Nd2 Nxa7 47. Nxe4 Nc6 48. Ke2 Kf7 49. Kd2 Ne5 50. Kc3
Ng4 51. Kd4 Nf6 52. Nc5 Ne6+ 53. Nxe6 Kxe6 54. Kc5 Nd5 55. e4 Nf4 56. g3 Ne2
57. Kxb5 Ke5 58. Kc6 Kxe4 59. Kd6 Kf5 60. Ke7 Kg6 61. Ke6 Nd4+ 62. Kd5 Nf3
63. h3 Ng1 64. h4 Ne2 65. g4 h5 66. gxh5+ Kxh5 67. Ke4 Kxh4 68. Kf3 Ng3 69.
Kg2 g5 70. Kg1 g4 71. Kh2 Ne4 72. Kh1 Kh3 73. Kg1 g3 74. Kh1 g2+ 75. Kg1 Nd6
76. Kf2 Kh2 {White resigns} 0-1